[Event "MČR juniorů a juniorek v rapid šachu 2023"]
[Site "Czech Republic"]
[Date "2023.09.23"]
[Round "1.1"]
[White "Beran, Jakub"]
[Black "Jun, Rudolf"]
[Result "0-1"]
[TimeControl "20 min + 5 sec per move"]
[WhiteFideId "23727071"]
[BlackFideId "376612"]
[WhiteElo "1645"]
[BlackElo "2151"]

1. c4 Nf6 2. Nc3 e6 3. d4 Bb4 4. Bd2 O-O 5. Nf3 d5 6. e3 c6 7. Bd3 Nbd7 8. O-O Bd6 9. a3 e5 10.
cxd5 cxd5 11. e4 dxe4 12. Nxe4 Nxe4 13. Bxe4 exd4 14. Nxd4 Nc5 15. Bf3 Qh4 16. g3 Qxd4 17. Bb4 Qxd1 18.
Rfxd1 a5 0-1

[Event "MČR juniorů a juniorek v rapid šachu 2023"]
[Site "Czech Republic"]
[Date "2023.09.23"]
[Round "1.2"]
[White "Nagy, Ladislav"]
[Black "Pistej, Tomas"]
[Result "1-0"]
[TimeControl "20 min + 5 sec per move"]
[WhiteFideId "374300"]
[BlackFideId "23750740"]
[WhiteElo "2089"]
[BlackElo "1640"]

1. e4 e5 2. Nf3 Nc6 3. Bc4 Nf6 4. d3 Bc5 5. O-O O-O 6. Bg5 h6 7. Bh4 Be7 8. Bg3 d6 9. a4 Be6 10.
Nbd2 Qd7 11. c3 Na5 12. Bxe6 fxe6 13. b4 Nc6 14.
Nc4 Nh7 15. b5 Nd8 16. d4 exd4 17. cxd4 Ng5 18. Nfd2 Ngf7 19. Qg4 Qc8 20. Rac1 c5 21. d5 e5 22. Qh5 Bg5 23. f4 exf4 24.
Bxf4 Bxf4 25. Rxf4 Ng5 26. Rxf8+ Kxf8 27. Rf1+ Kg8 28. Qe8+ Kh7 29. Rf8 Ngf7 1-0

[Event "MČR juniorů a juniorek v rapid šachu 2023"]
[Site "Czech Republic"]
[Date "2023.09.23"]
[Round "1.3"]
[White "Boff, Vojtech"]
[Black "Prazak, Daniel"]
[Result "0-1"]
[TimeControl "20 min + 5 sec per move"]
[WhiteFideId "23733969"]
[BlackFideId "23709456"]
[WhiteElo "1632"]
[BlackElo "2029"]

1. d4 Nf6 2. c4 e6 3. Nf3 b6 4. Nc3 Bb4 5. Qc2 Bb7 6. Bd2 O-O 7. g3 Nc6 8. Be3 Na5 9. a3 Be7 10.
b3 d5 11. cxd5 Nxd5 12. Nxd5 Bxd5 13. b4 Nc4 14. Bg2 a5 15. O-O axb4 16. axb4 Nxe3 17. fxe3 Bxb4 18. Ra4 Rxa4 19. Qxa4 Bd6 20.
Qc2 Qa8 21. Ng5 g6 22. Bxd5 Qxd5 23. Ne4 Be7 24. Nf6+ Bxf6 25. Rxf6 c5 26. dxc5 bxc5 27. Rf4 Ra8 28. e4 Qd4+ 29.
Kg2 e5 30. Rf3 Ra4 31. Qb3 Qd7 32. Rxf7 Qxf7 33. Qxa4 Qe7 34. Qc4+ Kg7 35. e3 Qd6 36. Qd5 Qxd5 37. exd5 e4 38. Kf2 Kf6 39. Ke1 Ke5 0-1

[Event "MČR juniorů a juniorek v rapid šachu 2023"]
[Site "Czech Republic"]
[Date "2023.09.23"]
[Round "1.4"]
[White "Ocelak, Jakub"]
[Black "Dvorak, Jan"]
[Result "1-0"]
[TimeControl "20 min + 5 sec per move"]
[WhiteFideId "23707933"]
[BlackFideId "23730722"]
[WhiteElo "2025"]
[BlackElo "1624"]

1. c4 e5 2. g3 Nc6 3. Bg2 Bc5 4. Nc3 a6 5. Nf3 d6 6. e3 Ba7 7. h3 Nge7 8. O-O Be6 9. b3 Qd7 10.
Kh2 f6 11. d4 Bf7 12. dxe5 fxe5 13. Ng5 Bg6 14. Nd5 O-O-O 15. Ba3 h6 16. Ne4 Bh7 17. Rc1 Qe6 18. b4 g5 19. b5 Nb8 20.
Qb3 Nxd5 21. cxd5 Qe7 22. b6 1-0

[Event "MČR juniorů a juniorek v rapid šachu 2023"]
[Site "Czech Republic"]
[Date "2023.09.23"]
[Round "1.5"]
[White "Mrkvan, Frantisek"]
[Black "Hlavina, Matous"]
[Result "0-1"]
[TimeControl "20 min + 5 sec per move"]
[WhiteFideId "23721626"]
[BlackFideId "386650"]
[WhiteElo "1601"]
[BlackElo "2005"]

1. e4 g6 2. d4 Bg7 3. Nc3 d6 4. Be3 a6 5. Be2 b5 6. a3 Bb7 7. f4 Nd7 8. Bf3 e6 9. Nge2 Ne7 10.
O-O Rc8 11. Qe1 Nb6 12. b3 d5 13. e5 Nd7 14. g4 c5 15.
dxc5 Nxc5 16. Rd1 Qc7 17. Qf2 Nd7 18. Rd3 Nc5 19. Rd2 h6 20. b4 Ne4 21. Bxe4 dxe4 22. Rfd1 Bd5 23. Bc5 Bc6 24. Bb6 e3 25. Qxe3 Qb8 26.
Rd8+ Rxd8 27. Rxd8+ Qxd8 28. Bxd8 Kxd8 29. Qb6+ Kd7 30. Nd4 Rc8 31. Nxc6 Rxc6 32. Qb7+ Rc7 33. Qxa6 Rxc3 34. Qxb5+ Rc6 35. Qd3+ Ke8 36. c4 Bf8 37. b5 Rc8 38. a4 Ng8 39. a5 Bc5+ 40. Kg2 Ne7 41. a6 Rc7 42. Qe4 Nc8 43. Qa8 Ke7 44. Qb7 Kd7 45. Qb8 Ba7 46. Qa8 Nb6 47. Qe4 Nxc4 48. Qd3+ Ke7 49.
Qb3 Ne3+ 50. Kf3 Nd5 51.
Qa3+ Ke8 52. Qd6 Bc5 53. a7 Bxa7 54. Qa6 Bb6 55. Qa8+ Ke7 56. Qa3+ Bc5 57. Qa6 Kf8 58. Qa8+ Kg7 59. f5 Ra7 60. f6+ Kh7 61. Qc8 Ra3+ 62. Kg2 Nf4+ 63. Kf1 Ra1# 0-1

[Event "MČR juniorů a juniorek v rapid šachu 2023"]
[Site "Czech Republic"]
[Date "2023.09.23"]
[Round "1.6"]
[White "Stejskal, Michal"]
[Black "Zadrapova, Amalie"]
[Result "0-1"]
[TimeControl "20 min + 5 sec per move"]
[WhiteFideId "398195"]
[BlackFideId "23710276"]
[WhiteElo "1959"]
[BlackElo "1590"]

1. Nf3 Nf6 2. g3 g6 3. Bg2 Bg7 4. c4 c6 5. O-O O-O 6. Nc3 d5 7. d4 Nbd7 8. Bf4 dxc4 9. e4 Nh5 10. Be3 e5 11. d5 cxd5 12.
Nxd5 Nhf6 13. Nd2 b5 14. a4 Ba6 15. axb5 Bxb5 16. Nc3 a6 17. Re1 Rc8 18. Qc2 Ng4 19. Bh3 Nxe3 20. Rxe3 Rc6 21.
Rd1 Rd6 22. Ree1 Nc5 23. Nxb5 axb5 24. Bf1 Qd7 25. Be2 Rd8 26. Nf1 Nd3 27. Bxd3 Rxd3 28. Ne3 f5 29. exf5 gxf5 30. Rxd3 cxd3 31.
Qb3+ Kh8 32. Rd1 e4 33. Kg2 Rg8 34. Nf1 f4 35. h3 Bd4 36. Qb4 fxg3 37. Nxg3 Qg7 38. Rg1 e3 39. Kf1 exf2 40.
Rg2 Qe5 41. h4 Be3 42. Qb3 Bd2 43.
Qxg8+ Kxg8 44. Ne4+ Kf7 45. Rxf2+ Ke7 46. Nxd2 Qxb2 47. Kg2 Qg7+ 48. Kf3 b4 49.
Ke3 Qc3 50. Ne4 Qa3 51. Rd2 Qa7+ 52.
Kxd3 b3 53. Re2 Kd8 54. Kc3 Qb7 55. Nc5 Qf3+ 0-1

[Event "MČR juniorů a juniorek v rapid šachu 2023"]
[Site "Czech Republic"]
[Date "2023.09.23"]
[Round "1.7"]
[White "Pejrimovska, Viola Ruby"]
[Black "Tegda, Vojtech"]
[Result "1-0"]
[TimeControl "20 min + 5 sec per move"]
[WhiteFideId "23709529"]
[BlackFideId "23723424"]
[WhiteElo "1581"]
[BlackElo "1959"]

1. e4 e5 2. Nf3 Nc6 3. d4 exd4 4. Nxd4 Bc5 5. Be3 Qf6 6. c3 Nge7 7. g3 d6 8. Bg2 Bb6 9. O-O O-O 10.
f4 Bd7 11. h3 Qh6 12. g4 f6 13. Qf3 Qg6 14. Nd2 Qf7 15. Rfe1 Rfe8 16. Kh1 Rad8 17. Nf1 Na5 18. b3 Nac6 19.
Ng3 Nxd4 20. cxd4 Nc6 21. Rad1 Nb4 22. Rd2 Nc6 23. Red1 Ba5 24. Rf2 Bb6 25. Ne2 Nb4 26. Nc3 a5 27.
Rb2 Nc6 28. Nd5 Ne7 29. Nxb6 cxb6 30. d5 Nc8 31. Bd4 Re7 32. Qg3 Bb5 33. Rf2 Rc7 34. g5 fxg5 35. fxg5 Qg6 36. h4 h5 37. Re1 Bd3 38. Qxd3 Re8 39.
Rd1 Rce7 40. e5 Qxd3 41. Rxd3 dxe5 42. Be3 e4 43.
Rc3 b5 44. Bd4 Nd6 45. Bc5 Rd7 46. Bxd6 Rxd6 47. Re3 Rxd5 48. Rxe4 Rd1+ 49. Kh2 Red8 50. Rfe2 Kh7 51. Re7 R1d4 52. Be4+ Kg8 53. Kg3 Kf8 54.
Rxb7 Re8 55. Rf2+ Kg8 56. Bf3 b4 57. Rb5 Re3 58. Rxa5 Rg4+ 59. Kh3 Rf4 60. Kg3 Rg4+ 61. Kh3 Rf4 62. Kg2 Rxh4 63. Bd5+ Kh7 64.
Ra8 Rg4+ 65. Kf1 Rxg5 66. Bg8+ Kh6 67. Ra6+ g6 68. Rb6 h4 69. Rg2 Rf5+ 70. Kg1 h3 71. Rgxg6+ Kh5 72. Rh6+ Kg5 73. Rbg6+ Kf4 74. Rh4+ Kf3 75.
Rxh3+ Ke2 76. Rg2+ Kd3 77. Bc4+ Ke4 78. Rg4+ 1-0

[Event "MČR juniorů a juniorek v rapid šachu 2023"]
[Site "Czech Republic"]
[Date "2023.09.23"]
[Round "1.8"]
[White "Dolensky, Filip"]
[Black "Housa, Vojtech"]
[Result "1-0"]
[TimeControl "20 min + 5 sec per move"]
[WhiteFideId "399000"]
[BlackFideId "23736364"]
[WhiteElo "1942"]
[BlackElo "1539"]

1. e4 c5 2. c3 g6 3. Nf3 Bg7 4. d4 cxd4 5. cxd4 d6 6. Nc3 Nf6 7. Be2 O-O 8. h3 h5 9. Be3 Qa5 10. O-O Bd7 11. Qd2 a6 12. Rac1 Nc6 13. a3 Rac8 14.
Bd3 Na7 15. e5 Nh7 16. Be4 Nc6 17.
b4 Qd8 18. exd6 exd6 19. Bf4 Nf6 20. Bb1 d5 21. Rfe1 Qb6 22. Na4 Qd8 23. Nc5 Ne4 24. Nxe4 dxe4 25. Bxe4 Re8 26. Bb1 Be6 27. Be3 Bd5 28. Nh2 Qd7 29. Rcd1 Ne7 30. Bf4 Nc6 31. Be3 Ne7 32.
Ba2 Nf5 33. Bxd5 Qxd5 34. Nf3 Re4 35.
Rc1 Rce8 36. Rc5 Qd7 37. d5 Nxe3 38. Rxe3 b6 39. Rc1 Bh6 40. Rce1 Bxe3 41. Rxe3 Rxe3 42. fxe3 Qe7 43. Kf2 Qd6 44. Qd4 Rd8 45. e4 f6 46. Qe3 Kg7 47. Nd4 Qe5 48. Ne6+ Kh7 49.
Nxd8 Qb2+ 50. Kg1 Qb1+ 51. Kh2 1-0

[Event "MČR juniorů a juniorek v rapid šachu 2023"]
[Site "Czech Republic"]
[Date "2023.09.23"]
[Round "1.9"]
[White "Stary, Simon"]
[Black "Bezdek, Tomas"]
[Result "1/2-1/2"]
[TimeControl "20 min + 5 sec per move"]
[WhiteFideId "23734353"]
[BlackFideId "23733551"]
[WhiteElo "1518"]
[BlackElo "1933"]

1. e4 e6 2. d4 d5 3. Nd2 c5 4. exd5 Qxd5 5. Ngf3 cxd4 6. Bc4 Qd6 7. O-O Nf6 8. Nb3 Nc6 9. Nbxd4 Nxd4 10. Qxd4 Qxd4 11. Nxd4 Bc5 12. Nf3 Bd7 13. Ne5 Ke7 14. Nxd7 Nxd7 15. Bg5+ f6 16.
Bd2 Rhd8 17. Bc3 Nb6 18. Bb3 Nd5 19. Bxd5 Rxd5 20. Rfd1 Rad8 21. Rxd5 Rxd5 22. Kf1 b5 23. Ke2 Rg5 24. g3 h5 25. Rd1 h4 26. Bd4 hxg3 27.
hxg3 a6 28. Bxc5+ Rxc5 29. c3 Re5+ 30. Kf3 Rc5 31. Rd4 Re5 32. a4 Rf5+ 1/2-1/2

[Event "MČR juniorů a juniorek v rapid šachu 2023"]
[Site "Czech Republic"]
[Date "2023.09.23"]
[Round "1.10"]
[White "Hurtik, Matej"]
[Black "Mikolas, Petr"]
[Result "1-0"]
[TimeControl "20 min + 5 sec per move"]
[WhiteFideId "397997"]
[BlackFideId "23713224"]
[WhiteElo "1930"]
[BlackElo "1514"]

1. e4 c5 2. d4 cxd4 3. Nf3 d6 4. Qxd4 Nc6 5. Bb5 Bd7 6. Bxc6 Bxc6 7. Nc3 Nf6 8. Bg5 e6 9. O-O-O Be7 10. Rhe1 O-O 11. Qd2 Qc7 12.
Nd4 Rac8 13. f3 a6 14. g4 b5 15. Nce2 e5 16. Nf5 Rfd8 17. Neg3 d5 18. Nxe7+ Qxe7 19. Nf5 Qe6 20. Qb4 Rd7 21.
Bxf6 gxf6 22. Rd3 dxe4 23. Rxd7 Bxd7 24. Ne7+ Kg7 25. Nxc8 Qxa2 26. Nb6 exf3 27. Qa3 Qxa3 28. bxa3 Bxg4 29.
Kd2 f5 30. Ke3 Kf6 31. Nd5+ Ke6 32. Nb4 f4+ 33. Kf2 Kf6 1-0

[Event "MČR juniorů a juniorek v rapid šachu 2023"]
[Site "Czech Republic"]
[Date "2023.09.23"]
[Round "1.11"]
[White "Havelkova, Beata"]
[Black "Cibulka, Josef"]
[Result "0-1"]
[TimeControl "20 min + 5 sec per move"]
[WhiteFideId "23709405"]
[BlackFideId "23708042"]
[WhiteElo "1494"]
[BlackElo "1922"]

1. e4 c5 2. c3 Nc6 3. Nf3 d5 4.
exd5 Qxd5 5. d4 e6 6. Bd3 Bd7 7. Be3 cxd4 8. cxd4 Bb4+ 9. Nc3 Nf6 10. O-O Bxc3 11. bxc3 O-O 12. Bc2 Na5 13.
Ne5 Bb5 14. Re1 Nc4 15. Bg5 Bc6 16. f3 Nxe5 17. Rxe5 Qd8 18. Qd3 Re8 19. Bxf6 gxf6 20. Qxh7+ Kf8 21. Re3 Qa5 22. Bb3 Rad8 23.
Rae1 b5 24. Qh8+ Ke7 25. Rxe6+ fxe6 26. Rxe6+ Kd7 27. Qg7+ Kc8 28. Rxc6+ Kb8 29. Qxf6 Qa3 30. Qf4+ Ka8 31. Qd2 Qe7 32. Re6 Qd7 33. Rxe8 Rxe8 34.
h4 a5 35. a3 Qe7 36. h5 Qxa3 37. Bd5+ Ka7 38. Qc2 Qa1+ 39. Kh2 Qe1 40. g3 Re2+ 41.
Qxe2 Qxe2+ 42. Kh3 a4 43. h6 Qe7 44. g4 Qg5 45. Be4 Qxh6+ 46. Kg3 a3 47. d5 a2 0-1

[Event "MČR juniorů a juniorek v rapid šachu 2023"]
[Site "Czech Republic"]
[Date "2023.09.23"]
[Round "1.12"]
[White "Slaby, Matej"]
[Black "Boff, Ondrej"]
[Result "0-1"]
[TimeControl "20 min + 5 sec per move"]
[WhiteFideId "23734876"]
[BlackFideId "23733950"]
[WhiteElo "1922"]
[BlackElo "1486"]

1. e4 c5 2. Nf3 Nc6 3. Bb5 e6 4. Bxc6 bxc6 5. e5 Ne7 6. d3 Nf5 7. Bg5 Be7 8. Bxe7 Qxe7 9. Nbd2 f6 10.
exf6 gxf6 11. O-O Rg8 12. Nb3 a5 13. a4 Qg7 14. g3 h5 15. Qd2 Qg4 16. Ne1 d6 17. Ng2 e5 18. Rfe1 Be6 19.
c4 Rb8 20. Re4 Qg7 21. Nxa5 Nd4 22. Rxd4 cxd4 23. Nxc6 Rb6 24. Nb4 Qb7 25. a5 Rxb4 26. a6 Qb6 27. a7 Ke7 28. Qe2 Rxb2 29. Qxh5 Rb1+ 0-1

[Event "MČR juniorů a juniorek v rapid šachu 2023"]
[Site "Czech Republic"]
[Date "2023.09.23"]
[Round "1.13"]
[White "Dobsa, Emma"]
[Black "Sulc, Jakub"]
[Result "1-0"]
[TimeControl "20 min + 5 sec per move"]
[WhiteFideId "23709391"]
[BlackFideId "394050"]
[WhiteElo "1480"]
[BlackElo "1920"]

1. e4 e6 2. d4 d5 3. Bd3 c5 4. exd5 Qxd5 5. Nc3 Qd8 6. Nf3 Nc6 7. Be3 cxd4 8. Nxd4 Nxd4 9. Bxd4 Nf6 10.
O-O Be7 11. Be5 a6 12. Qf3 O-O 13. Ne4 Nxe4 14. Bxe4 f6 15. Bc3 Qc7 16. Qh5 f5 17. Bd3 e5 18. Rfe1 e4 19. Be2 Bd6 20.
h3 g6 21. Qh6 Bf4 22. Qh4 Be6 23. Rad1 Be5 24. Bxe5 Qxe5 25. c3 Rf7 26. Rd8+ Rxd8 27. Qxd8+ Kg7 28. a3 Rd7 29. Qb6 Qb8 30. Rd1 Rxd1+ 31. Bxd1 Bd5 32. Qd4+ Kh6 33. Qxd5 Qc7 34. Qd4 Qc6 35. b3 Qe6 36. c4 Qe7 37.
b4 f4 38. Bc2 e3 39. Qxf4+ g5 40. Qxe3 Qd7 41. h4 1-0

[Event "MČR juniorů a juniorek v rapid šachu 2023"]
[Site "Czech Republic"]
[Date "2023.09.23"]
[Round "1.14"]
[White "Vilimek, Vit"]
[Black "Hruby, Filip"]
[Result "1-0"]
[TimeControl "20 min + 5 sec per move"]
[WhiteFideId "23718218"]
[BlackFideId "23721480"]
[WhiteElo "1898"]
[BlackElo "1460"]

1. e4 c6 2. d4 d5 3. e5 c5 4. dxc5 Nc6 5. Nf3 Bg4 6.
Be2 e6 7. a3 Bxc5 8. b4 Bb6 9.
Bb2 Bc7 10. Bb5 Nge7 11. O-O a6 12.
Bxc6+ Nxc6 13. h3 Bxf3 14. Qxf3 Bxe5 15. Bxe5 Nxe5 16. Qc3 Qf6 17. Nd2 O-O 18. Rfe1 Ng6 19. Qxf6 gxf6 20. c4 d4 21. c5 e5 22. Ne4 Kg7 23.
Nd6 Rab8 24. g3 h6 25. a4 Ne7 26. h4 Nd5 27. b5 a5 28. Nc4 Ra8 29. f4 exf4 30. gxf4 Rfc8 31. Rad1 Rxc5 32. Rxd4 Rac8 33. Nd6 Rb8 34.
Nf5+ Kg6 35. Rxd5 Rxd5 36. Ne7+ Kh5 37. Nxd5 Kxh4 38. Kf2 Kg4 39. Rg1+ Kf5 40. Kf3 1-0

[Event "MČR juniorů a juniorek v rapid šachu 2023"]
[Site "Czech Republic"]
[Date "2023.09.23"]
[Round "1.15"]
[White "Janouskova, Adela"]
[Black "Steinbauer, Sebastian"]
[Result "0-1"]
[TimeControl "20 min + 5 sec per move"]
[WhiteFideId "23709804"]
[BlackFideId "399272"]
[WhiteElo "1442"]
[BlackElo "1880"]

1. e4 e5 2. Nf3 Nf6 3. Nc3 Bb4 4. d3 d5 5. exd5 Nxd5 6. Bd2 O-O 7. Nxd5 Bxd2+ 8. Qxd2 Qxd5 9. Be2 Nc6 10.
O-O Bg4 11. h3 Be6 12. Ng5 Nd4 13. Nxe6 Qxe6 14. c3 Nxe2+ 15. Qxe2 Rad8 16. Rfd1 Rfe8 17. Qe4 Qb6 18. Rab1 g6 19.
Qe3 Qa6 20. a3 f5 21. Rd2 b6 22. Rbd1 Qb7 23. Qf3 Qxf3 24. gxf3 c5 25. Kg2 Kf7 26. Kg3 f4+ 27. Kg2 Re7 28. d4 exd4 29. cxd4 Red7 30. d5 Rd6 31. h4 Re8 32.
Kh3 Re5 33. Kg4 Rf5 34. Rd3 h5+ 35. Kh3 Re5 36. R3d2 Ke7 37. Kg2 Kd7 38. Kf1 g5 39. hxg5 Rxg5 40. Ke2 Rh6 41. Rh1 h4 42.
Rh3 Kd6 43. Rd1 Rxd5 44. Rdh1 Rdh5 45.
Kd3 Kd5 46. R1h2 b5 47. Kd2 Kc4 48.
Kc2 a5 49. Rh1 b4 50. axb4 cxb4 51.
b3+ Kb5 52. Ra1 Rc5+ 53. Kb2 Re5 54. Rc1 Re2+ 55. Rc2 Rxc2+ 56. Kxc2 a4 57. Rh1 a3 58.
Kb1 h3 0-1

[Event "MČR juniorů a juniorek v rapid šachu 2023"]
[Site "Czech Republic"]
[Date "2023.09.23"]
[Round "1.16"]
[White "Merinsky, Vaclav"]
[Black "Housa, Jan"]
[Result "1-0"]
[TimeControl "20 min + 5 sec per move"]
[WhiteFideId "390062"]
[BlackFideId "23736356"]
[WhiteElo "1869"]
[BlackElo "1439"]

1. e4 c6 2. d4 d5 3. exd5 cxd5 4. Nf3 Nc6 5. Bf4 Nf6 6. c3 Bg4 7. Bd3 e6 8. Nbd2 Bd6 9. Bxd6 Qxd6 10.
Qb3 O-O 11. O-O a6 12. a4 Rfe8 13. Rfe1 e5 14. dxe5 Nxe5 15. Nxe5 Rxe5 16. Qxb7 Rb8 17. Qxa6 Rb6 18. Qa8+ Rb8 19.
Qa6 Rb6 20. Qa5 Rh5 21. g3 d4 22. Qa8+ Rb8 23. Nc4 Qd8 24. Qc6 Rc8 25. Qb7 Rb8 26. Qa7 Ra8 27. Qxd4 Rd5 28. Bxh7+ Kxh7 29.
Qe3 Ra6 30. b4 Re6 31. Qc1 Ne4 32. Ne3 Rg5 33. Nxg4 Rxg4 34. f3 Qb6+ 35. Qe3 Qc6 36. fxe4 Rgxe4 37. Qd3 Qb6+ 38. Kh1 Qc6 39. Rxe4 Rxe4 40. Re1 f5 41.
Rxe4 fxe4 42. Qe3 Qc4 43. Kg2 Qa2+ 44. Kh3 Qe6+ 45. g4 g5 46. a5 Qh6+ 47. Kg2 Qe6 48. Kf2 Qf7+ 49. Ke2 Qa2+ 50.
Qd2 Qc4+ 51. Ke3 Qc7 52. Kxe4 Qe7+ 53. Kd3 Qc7 54. Kc2 Qe5 55. Qd3+ Kg8 56. Kb3 Qxh2 57. Qd5+ Kf8 58. Qxg5 Qg3 59.
Qf5+ Kg8 60. g5 Qg1 61. Qg6+ Kh8 62. Qf6+ Kg8 63. Qe6+ Kh8 64. g6 Qb1+ 65. Ka4 Qa2+ 66. Qxa2 1-0

[Event "MČR juniorů a juniorek v rapid šachu 2023"]
[Site "Czech Republic"]
[Date "2023.09.23"]
[Round "1.17"]
[White "Dudkova, Josefina"]
[Black "Pressler, Tobias"]
[Result "0-1"]
[TimeControl "20 min + 5 sec per move"]
[WhiteFideId "23712350"]
[BlackFideId "23715359"]
[WhiteElo "1437"]
[BlackElo "1859"]

1. d4 d5 2. Bf4 Nf6 3. Nf3 g6 4. Nc3 c6 5. Qd2 Nbd7 6. Ne5 Bg7 7. f3 Nh5 8. Nxd7 Nxf4 9. Qxf4 Bxd7 10.
O-O-O O-O 11. e4 dxe4 12. Nxe4 Bf5 13. Bc4 b5 14. Bb3 a5 15. Ng5 Bh6 16. g4 e5 17. dxe5 Bxg5 18. Rxd8 Bxf4+ 19. Kb1 Rfxd8 20. gxf5 a4 0-1

[Event "MČR juniorů a juniorek v rapid šachu 2023"]
[Site "Czech Republic"]
[Date "2023.09.23"]
[Round "1.18"]
[White "Simunek, Jakub Simon"]
[Black "Stara, Zuzana"]
[Result "1/2-1/2"]
[TimeControl "20 min + 5 sec per move"]
[WhiteFideId "23709464"]
[BlackFideId "23733543"]
[WhiteElo "1843"]
[BlackElo "1377"]

1. e4 c6 2. d4 d5 3. exd5 cxd5 4. Bd3 g6 5. Nf3 Nc6 6. c3 Nh6 7. O-O Bf5 8. Re1 Bxd3 9. Qxd3 Nf5 10. Bf4 Bg7 11. Nbd2 O-O 12.
Nf1 e6 13. Ne3 Nd6 14. Ng4 Ne4 15. Nge5 Nxe5 16. Nxe5 Qh4 17. Qe3 Bxe5 18. Bxe5 Qe7 19. f3 Nd6 20. Qf4 Nf5 21. Qd2 Nd6 22.
b3 Rac8 23. Rac1 Nf5 24. g4 Nh4 25. Qf2 g5 26. Bg3 Ng6 27. Re3 Qf6 28. Be5 Nxe5 29. Rxe5 Qf4 30. Re3 Rc7 31. Rce1 Rfc8 32. Qb2 a6 33.
a4 a5 34. Kg2 Kg7 35. R1e2 b6 36. Qc1 Kg8 37. Qe1 Kg7 38. Rc2 Kg8 39. Rc1 Kg7 40. Qe2 Kg8 41. Qd3 Kg7 42. Rc2 Kg8 43.
Re5 Kg7 44. c4 dxc4 45. bxc4 Rd8 46. Rd2 Qxe5 47. dxe5 Rxd3
48. Rxd3 Rxc4 49. Rd6 Rxa4 50. Rxb6 Ra2+ 51. Kg3 a4 52. Ra6 a3 53. Ra7 Ra1 54.
Ra6 a2 55. Kg2 Kg8 56. h3 1/2-1/2

[Event "MČR juniorů a juniorek v rapid šachu 2023"]
[Site "Czech Republic"]
[Date "2023.09.23"]
[Round "1.19"]
[White "Jun, Robert"]
[Black "Martinkovic, Adam"]
[Result "0-1"]
[TimeControl "20 min + 5 sec per move"]
[WhiteFideId "23709510"]
[BlackFideId "23728019"]
[WhiteElo "1340"]
[BlackElo "1807"]

1. e4 c6 2. d4 d5 3. exd5 cxd5 4. c4 Nf6 5. Nc3 Nc6 6. Nf3 Bg4 7. cxd5 Nxd5 8. Bb5 Rc8 9. Bc4 e6 10.
O-O Be7 11. Bb5 O-O 12. Bxc6 Rxc6 13. Bd2 Bf6 14. Nxd5 Qxd5 15. Bc3 Bxf3 16. Qxf3 Qxf3 17. gxf3 Rd8 18. Rad1 Rcd6 19. Rfe1 Bxd4 20.
Bb4 R6d7 21. Rb1 Rd5 22. Kf1 a5 23. Be7 R8d7 24. Bh4 h5 25. b3 g5 26. Bg3 h4 27. Bb8 Rd8 28. Bc7 Rc8 29.
Rbc1 b6 30. Red1 e5 31. Rc6 Rd7 32. Rdc1 Bc5 33. Bxb6 Rxc6 34. Bxc5 Rdc7 35. a3 Rxc5 36. Rd1 Rc1 37. Ke2 Rxd1 38.
Kxd1 Rc3 39. b4 axb4 40. axb4 Rb3 41. Kd2 Rxb4 42. Ke3 f5 43. h3 Kf7 0-1

[Event "MČR juniorů a juniorek v rapid šachu 2023"]
[Site "Czech Republic"]
[Date "2023.09.23"]
[Round "1.20"]
[White "Garabik, Marek"]
[Black "Nikolinko, Tomas"]
[Result "1-0"]
[TimeControl "20 min + 5 sec per move"]
[WhiteFideId "23717742"]
[BlackFideId "389749"]
[WhiteElo "1787"]
[BlackElo "1327"]

1. e4 c5 2. Nc3 Nc6 3. f4 g6 4. Bb5 Bg7 5. Bxc6 dxc6 6.
d3 c4 7.
Nf3 cxd3 8. cxd3 Nf6 9. d4 Bg4 10. Be3 Qa5 11. O-O O-O 12.
h3 Bxf3 13. Qxf3 Rfd8 14. g4 Ne8 15. e5 Nc7 16. f5 Nd5 17. fxg6 Nxe3 18. gxf7+ Kf8 19. Qxe3 Qb6 20. Rad1 Rac8 21.
Ne4 Bxe5 22. Ng5 Rd6 23. Qxe5 1-0

[Event "MČR juniorů a juniorek v rapid šachu 2023"]
[Site "Czech Republic"]
[Date "2023.09.23"]
[Round "1.21"]
[White "Jun, Rostislav"]
[Black "Rucabado, Stefan"]
[Result "0-1"]
[TimeControl "20 min + 5 sec per move"]
[WhiteFideId "23719524"]
[BlackFideId "23730315"]
[WhiteElo "1317"]
[BlackElo "1782"]

1. e4 g6 2. d4 Bg7 3.
Nf3 a6 4. Be3 b5 5. a3 Bb7 6.
Nc3 d6 7. Bd3 Nd7 8. O-O c5 9. b4 Rc8 10. Qe1 cxd4 11. Bxd4 Bxd4 12. Nxd4 Qb6 13. Nf3 Ngf6 14. Rb1 O-O 15.
Qd2 Kg7 16. Rfe1 Qc7 17. Rb3 Ne5 18. h3 d5 19. Nxe5 Qxe5 20. exd5 Qd6 21. Ne4 Qxd5 22. f3 Qd4+ 23. Kh1 Bxe4 24.
fxe4 e5 25. c3 Qd6 26. Rd1 Rfd8 27. Qc2 Nxe4 28. Be2 Nf2+ 29. Kh2 Nxd1 30. Rb1 Nxc3 0-1

[Event "MČR juniorů a juniorek v rapid šachu 2023"]
[Site "Czech Republic"]
[Date "2023.09.23"]
[Round "1.22"]
[White "Svacina, Tobias"]
[Black "Glasbergerova, Lucie"]
[Result "1-0"]
[TimeControl "20 min + 5 sec per move"]
[WhiteFideId "385859"]
[BlackFideId "23725184"]
[WhiteElo "1782"]
[BlackElo "1314"]

1. e4 e5 2. Nf3 Nc6 3. Bc4 Bc5 4. b4 Bxb4 5. c3 Ba5 6. d4 exd4 7. Qb3 Qe7 8. O-O d6 9. cxd4 h6 10.
d5 Ne5 11. Nxe5 Qxe5 12. Bb2 Qg5 13. Qa4+ Bd7 14. Bb5 Rd8 15. Bxd7+ Rxd7 16. Qxa5 a6 17. Nd2 Nf6 18. Nf3 Qg6 19.
e5 Ne4 20. Qa4 Nc5 21. Qd4 O-O 22. exd6 cxd6 23. Nh4 Qh7 24. Nf5 f6 25. Nxd6 Rc7 26. Rac1 b6 27. Ne4 Rfc8 28. d6 Rd7 29.
Qd5+ Kh8 30. Nxf6 1-0

[Event "MČR juniorů a juniorek v rapid šachu 2023"]
[Site "Czech Republic"]
[Date "2023.09.23"]
[Round "1.23"]
[White "Halama, Tomas"]
[Black "Pavlis, Matej"]
[Result "0-1"]
[TimeControl "20 min + 5 sec per move"]
[WhiteFideId "397970"]
[BlackFideId "23735767"]
[WhiteElo "1306"]
[BlackElo "1771"]

1. c4 Nf6 2. Nc3 e6 3. g3 c5 4.
Bg2 Be7 5. e3 Nc6 6. Nge2 O-O 7. O-O a6 8. d4 cxd4 9. Nxd4 Qc7 10. Nxc6 bxc6 11. b3 d5 12. cxd5 cxd5 13. Bb2 Bb7 14.
Rc1 Qd6 15. Qd4 e5 16. Qd2 Rfd8 17. Rfd1 Qe6 18. Qe2 Rac8 19. Rc2 a5 20. Rcd2 Bb4 21. Qd3 Ba6 22. Qc2 d4 23. exd4 exd4 24. Rxd4 Rxd4 25. Rxd4 Qe1+ 0-1

[Event "MČR juniorů a juniorek v rapid šachu 2023"]
[Site "Czech Republic"]
[Date "2023.09.23"]
[Round "1.24"]
[White "Rybackova, Lucie"]
[Black "Tvaroh, Vitezslav"]
[Result "1-0"]
[TimeControl "20 min + 5 sec per move"]
[WhiteFideId "23739207"]
[BlackFideId "23704209"]
[WhiteElo "1768"]
[BlackElo "1303"]

1. d4 Nf6 2. Nf3 e6 3. g3 c5 4. Bg2 cxd4 5. Nxd4 Bc5 6. O-O d5 7. c4 O-O 8. cxd5 Nxd5 9. Nb3 Bb6 10.
Bd2 Nc6 11. Nc3 Qf6 12. e4 Ndb4 13. Qe2 Rd8 14. Rad1 Nd3 15. Bg5 Qxg5 16. Rxd3 Nd4 17. Nxd4 Bxd4 18. e5 Rb8 19. Rfd1 1-0

[Event "MČR juniorů a juniorek v rapid šachu 2023"]
[Site "Czech Republic"]
[Date "2023.09.23"]
[Round "1.25"]
[White "Cinkova, Vicky"]
[Black "Nagyova, Daniela"]
[Result "0-1"]
[TimeControl "20 min + 5 sec per move"]
[WhiteFideId "23725826"]
[BlackFideId "390070"]
[WhiteElo "1300"]
[BlackElo "1762"]

1. c4 e5 2. b3 Nf6 3. Bb2 Nc6 4. g3 d5 5. Bg2 Be6 6. d3 Bb4+ 7. Nd2 Qd7 8. a3 Be7 9. Qc2 Rd8 10.
Ngf3 d4 11. c5 Bd5 12. O-O O-O 13. b4 a6 14. Nc4 e4 15. Nfe5 0-1

[Event "MČR juniorů a juniorek v rapid šachu 2023"]
[Site "Czech Republic"]
[Date "2023.09.23"]
[Round "1.26"]
[White "Husa, Daniel"]
[Black "Bela, Lukas"]
[Result "1-0"]
[TimeControl "20 min + 5 sec per move"]
[WhiteFideId "393487"]
[BlackFideId "23738545"]
[WhiteElo "1760"]
[BlackElo "1297"]

1. d4 d5 2. c4 e6 3. Nf3 Nf6 4. g3 Bd6 5. Bg2 O-O 6. O-O b6 7. Qc2 Re8 8. Nbd2 Nbd7 9. e4 Bb4 10.
e5 Bxd2 11. Nxd2 Nh5 12. cxd5 exd5 13. Bxd5 Rb8 14. Qb3 Rf8 15. Bxf7+ Kh8 16. Bxh5 Ba6 17. Re1 g6 18. Bg4 c5 19.
d5 Re8 20. e6 Nf6 21. Qc3 Kg8 22. e7 Rxe7 23. Be6+ Kg7 24. Ne4 1-0